 Dungeon Crawl Stone Soup version 0.31-a0-121-g1e386dd289 (webtiles) character file.

Game seed: 14445879037403461600

84 sanka the Digger (level 4, 24/24 HPs)
             Began as a Kobold Earth Elementalist on May 31, 2023.
             Was a Follower of Qazlal.
             Quit the game on level 1 of the Dungeon.
             The game lasted 00:02:33 (2505 turns).

sanka the Digger (Kobold Earth Elementalist)        Turns: 2505, Time: 00:02:34

Health: 24/24      AC:  2    Str:  7    XL:     4   Next: 72%
Magic:  8/8        EV: 15    Int: 18    God:    Qazlal [*.....]
Gold:   101        SH:  1    Dex: 19    Spells: 3/9 levels left

rFire   . . .        a - +11 short sword of Dithmenos's Whim {heavy, Str+2 Dex+4}
rCold   . . .        (no shield)
rNeg    . . .        i - +0 robe
rPois   .            (no helmet)
rElec   .            c - scarf {repulsion}
rCorr   .            (no gloves)
SInv    .            (no boots)
Will    .....        (no amulet)
Stlth   +++          (no ring)
HPRegen 0.24/turn    (no ring)
MPRegen 0.11/turn

%: repel missiles
@: no status effects
A: small, no large weapons, nightstalker 3
a: Renounce Religion


You were on level 1 of the Dungeon.
You worshipped Qazlal.
Qazlal was aware of your devotion.
You visited 1 branch of the dungeon, and saw 2 of its levels.

You collected 101 gold pieces.


Innate Abilities, Weirdness & Mutations

You are small and have problems with some larger weapons.
You are completely attuned to the shadows.


   Skills:
 - Level 2.4 Dodging
 - Level 2.6 Stealth
 - Level 3.0 Spellcasting
 + Level 1.2 Conjurations
 - Level 1.0 Transmutations
 + Level 4.4 Earth Magic


You had 3 spell levels left.
You knew the following spells:

 Your Spells              Type           Power      Damage    Failure   Level
x - Stone Arrow           Conj/Erth      24%        3d8       16%         3
z - Sandblast             Erth           36%        2d10      2%          1
N - Passwall              Tmut/Erth      10%        N/A       9%          2

Your spell library contained the following spells:

 Spells                   Type           Power      Damage    Failure   Level
 Petrify                  Tmut/Erth      12%        N/A       47%         4

Inventory:

Hand Weapons
 a - the +11 short sword of Dithmenos's Whim (weapon) {heavy, Str+2 Dex+4}

   Str:       It affects your strength (+2).
   Dex:       It affects your dexterity (+4).
 f - a +0 dagger of venom
Armour
 c - a scarf of repulsion (worn)
 i - a +0 robe (worn)
Scrolls
 g - a scroll of enchant weapon {unknown}
 j - a scroll of fear {unknown}
 k - a scroll of magic mapping {unknown}
Potions
 b - a potion of magic
 d - a potion of mutation {unknown}
 e - 2 potions of haste {unknown}
 h - a potion of brilliance {unknown}

Dungeon Overview and Level Annotations

Branches:
Dungeon (2/15)

Altars:
Qazlal

▒▒▒.▒...▒▒..▒▒+▒'▒+▒▒..▒
▒...▒▒.▒
▒.▒...▒▒▒▒▒▒.▒.▒.▒▒▒▒▒▒▒...▒▒.▒
▒.▒▒▒▒▒ ▒⌠.P.P.⌠▒▒..(....▒▒.▒
▒.▒ ▒.......▒▒.▒▒▒▒.....▒ ▒.▒
▒...<...▒▒.▒▒▒▒▒.▒... ▒ ▒.▒
▒▒▒▒▒▒▒▒▒▒.▒......▒+▒ ▒▒▒.▒
▒♣..>..♣▒▒.▒......... .▒▒.▒
▒.......▒▒.▒......... ....▒
▒♣.⌠K⌠.♣▒▒.▒......... .▒▒▒▒
▒▒▒▒⌠▒▒▒▒▒.▒......... .▒
▒▒▒▒▒▒▒▒▒▒........... .▒▒▒
▒..........▒ ...▒
▒▒▒▒▒▒..........▒ ...▒
▒▒▒▒▒▒▒▒▒▒...▒▒..........▒ ...▒
▒............▒▒......▒▒▒.▒ ...▒
▒............▒▒▒▒▒.▒.▒ ▒.▒ ...▒
▒............▒ ▒.▒.▒ ▒.▒


There were no monsters in sight!


Message History

The jackal is heavily wounded.
The blast of sand hits the jackal.
You kill the jackal!
You can't see any susceptible monsters within range! (Use Z to cast anyway.)
You see here a bat corpse.
A ball python comes into view.
A ball python is nearby!
A ball python is nearby!
The blast of sand hits the ball python!
You kill the ball python!
You can't see any susceptible monsters within range! (Use Z to cast anyway.)
You can't see any susceptible monsters within range! (Use Z to cast anyway.)
You see here a ball python skeleton.
Done exploring.
Done exploring.
Done exploring.
Done exploring.
Search for what [Enter for "."]? .
There is a stone staircase leading up here.
You climb upwards.
There is a stone staircase leading down here.
There is a faded altar of an unknown god here.
This altar belongs to (a) Vehumet, (b) Qazlal or (c) Cheibriados, but you can't tell which.
Press the corresponding letter to learn more about a god, or press enter to convert or escape to cancel.
Okay, then.
This altar belongs to (a) Vehumet, (b) Qazlal or (c) Cheibriados, but you can't tell which.
Press the corresponding letter to learn more about a god, or press enter to convert or escape to cancel.
Qazlal accepts your prayer! Qazlal welcomes you!
Qazlal grants you and your divine allies immunity to clouds.
You are now surrounded by a storm.
Are you sure you want to abandon this character and quit the game? (Confirm with "yes".)

Action                     |  1- 3 |  4- 6 || total
---------------------------+-------+-------++-------
   Cast: Sandblast         |    42 |    20 ||    62
  Dodge: Dodged            |     5 |       ||     5

Levels and vault maps discovered:
D:1:      spicycebolla_arrival_ecumenical, layout_basic
D:2:      layout_loops_ring

Notes
Turn   | Place    | Note
-------+----------+-------------------------------------------
     0 | D:1      | sanka the Kobold Earth Elementalist began the quest for the
                  | Orb.
     0 | D:1      | Reached XP level 1. HP: 10/10 MP: 3/3
   237 | D:1      | Reached XP level 2. HP: 15/15 MP: 3/5
   386 | D:1      | Reached skill level 3 in Spellcasting
   695 | D:1      | Reached XP level 3. HP: 14/19 MP: 4/7
  1536 | D:2      | Reached skill level 4 in Earth Magic
  1644 | D:2      | Reached XP level 4. HP: 24/24 MP: 5/8
  1681 | D:2      | Learned a level 2 spell: Passwall
  1685 | D:2      | Learned a level 3 spell: Stone Arrow
  1900 | D:2      | Identified the +11 short sword of Dithmenos's Whim {heavy,
                  | Str+2 Dex+4}
  2002 | D:2      | Reached skill level 1 in Conjurations
  2504 | D:1      | Prayed at the altar of an unknown god.
  2504 | D:1      | Became a worshipper of Qazlal Stormbringer
  2504 | D:1      | Reached * piety under Qazlal
  2505 | D:1      | Quit the game

Vanquished Creatures
  3 adders (D:2)
  2 dart slugs (D:1)
  4 endoplasms
  3 giant cockroaches
  5 goblins
  2 hobgoblins (D:1)
  3 jackals (D:2)
  A quokka (D:1)
  6 ball pythons
  8 bats
  5 frilled lizards
  5 kobolds
  5 rats
52 creatures vanquished.
